 Dungeon Crawl Stone Soup version 0.32-a0-163-g159c032296 (webtiles) character file.

Game seed: 3926357563296207372

2389810 Krumphau the Invulnerable (level 27, 273/273 HPs)
             Began as a Minotaur Fighter on Feb 11, 2024.
             Was the Champion of the Shining One.
             Escaped with the Orb
             ... and 4 runes on Feb 12, 2024!
             The game lasted 03:24:33 (71844 turns).

Krumphau the Invulnerable (Minotaur Fighter)       Turns: 71844, Time: 03:24:33

Health: 273/273    AC: 50    Str: 36    XL:     27
Magic:  39/39      EV: 18    Int:  6    God:    the Shining One [******]
Gold:   5766       SH: 35    Dex: 12    Spells: 26/26 levels left

rFire   + + +        b - +9 sacred scourge (holy)
rCold   + . .        h - +2 tower shield {rC+}
rNeg    + + +        c - +12 gold dragon scales
rPois   +            (helmet restricted)
rElec   +            m - +4 dragonskin cloak
rCorr   +            V - +0 pair of gloves of Infinity {Int+4}
SInv    .            I - +1 pair of boots of a treasure trove {Will+ Slay+3}
Will    ++++.        U - amulet of reflection Stlth
                     Z - ring "Wohuopn" {rElec rF++ rC- rCorr}
HPRegen 0.65/turn    G - ring "Keul Yhi" {Will+ Dex+2 Slay+3}
MPRegen 0.26/turn

%: reflection
@: glowing, studying Shapeshifting
A: horns 2, retaliatory headbutt, large bone plates 1, clumsy 1, deterioration
2, dopey 1, mutation resistance 1, poison resistance, screaming 1, strong 1,
inability to drink after injury 1
0: Orb of Zot
}: 4/15 runes: serpentine, barnacled, silver, abyssal
a: Renounce Religion, Divine Shield, Cleansing Flame, Summon Divine Warrior


You escaped.
You worshipped the Shining One.
The Shining One was exalted by your worship.
You visited 12 branches of the dungeon, and saw 52 of its levels.
You visited the Abyss 3 times.
You also visited: Trove and Sewer.

You collected 8494 gold pieces.
You spent 2728 gold pieces at shops.

Inventory:

Hand Weapons
 a - the +11 broad axe of Upsyvos {venom, rC+}
   (You found it on level 4 of the Vaults)

   rC+:       It protects you from cold.
 b - a +9 sacred scourge of holy wrath (weapon)
Missiles
 e - 5 throwing nets (quivered)
Armour
 c - +12 gold dragon scales (worn)
 h - a +2 tower shield of cold resistance (worn)
 m - the +4 dragonskin cloak (worn)
   (You took it off Tiamat on level 1 of the Realm of Zot)

   Avatar's Aegis: It grants the wearer a chance to resist fire, cold, poison,
   electricity, acid, and negative energy.
 u - a +0 pair of boots of flying
 I - the +1 pair of boots of a treasure trove (worn) {Will+ Slay+3}
   (You found it on level 1 of the Vaults)

   Slay+3:    It affects your accuracy & damage with ranged weapons and melee
   (+3).
   Will+:     It increases your willpower.
 V - the +0 pair of gloves of Infinity (worn) {Int+4}
   (You found it on level 2 of the Vaults)

   Int+4:     It affects your intelligence (+4).
Jewellery
 s - a ring of protection from cold
 G - the ring "Keul Yhi" (right hand) {Will+ Dex+2 Slay+3}
   (You found it on level 1 of the Shoals)

   [ring of willpower]

   Dex+2:     It affects your dexterity (+2).
   Slay+3:    It affects your accuracy & damage with ranged weapons and melee
   (+3).
   Will+:     It increases your willpower.
 H - the ring "Oxuto" {rElec rF+ Int+6 Dex-2}
   (You found it on level 1 of the Depths)

   [ring of protection from fire]

   Int+6:     It affects your intelligence (+6).
   Dex-2:     It affects your dexterity (-2).
   rF+:       It protects you from fire.
   rElec:     It insulates you from electricity.
 U - an amulet of reflection (around neck)
 X - the ring of the Townfolk {rF+ Will++ rCorr Str-2 Dex+3}
   (You found it on level 2 of the Vaults)

   [ring of resist corrosion]

   Str-2:     It affects your strength (-2).
   Dex+3:     It affects your dexterity (+3).
   rF+:       It protects you from fire.
   Will++:    It greatly increases your willpower.
   rCorr:     It protects you from acid and corrosion.
 Z - the ring "Wohuopn" (left hand) {rElec rF++ rC- rCorr}
   (You took it off a merfolk impaler on level 4 of the Shoals)

   [ring of resist corrosion]

   rF++:      It greatly protects you from fire.
   rC-:       It makes you vulnerable to cold.
   rElec:     It insulates you from electricity.
   rCorr:     It protects you from acid and corrosion.
Wands
 l - a wand of polymorph (10)
 q - a wand of quicksilver (22)
 x - a wand of mindburst (54)
 D - a wand of flame (128)
 L - a wand of paralysis (43)
 Q - a wand of digging (14)
 Y - a wand of iceblast (45)
Scrolls
 g - 20 scrolls of teleportation
 r - 7 scrolls of blinking
 y - 6 scrolls of summoning
 A - 11 scrolls of fear
 C - 7 scrolls of silence
 J - 8 scrolls of enchant weapon
 K - 10 scrolls of poison
 M - 7 scrolls of brand weapon
 O - 2 scrolls of enchant armour
 P - 6 scrolls of immolation
 R - 12 scrolls of fog
 T - 12 scrolls of revelation
Potions
 d - 12 potions of might
 f - 5 potions of resistance
 i - 8 potions of enlightenment
 j - 8 potions of mutation
 k - 24 potions of curing
 n - 4 potions of berserk rage
 o - 14 potions of heal wounds
 t - 6 potions of magic
 v - 4 potions of attraction
 w - 8 potions of haste
 B - 3 potions of cancellation
 F - 6 potions of ambrosia
 S - 2 potions of lignification
Miscellaneous
 p - a lightning rod (4/4)
 z - a phantom mirror
 N - a sack of spiders
 W - a phial of floods


   Skills:
 O Level 27 Fighting
 - Level 16.5(18.0) Axes
 - Level 11.7(15.6) Maces & Flails
 O Level 27 Armour
 O Level 27 Dodging
 O Level 27 Shields
 O Level 27 Invocations
 + Level 2.8 Evocations


You had 26 spell levels left.
You didn't know any spells.
Your spell library contained the following spells:

 Spells                   Type           Power      Damage    Failure   Level
 Apportation              Tloc           0%         N/A       90%         1
 Foxfire                  Conj/Fire      0%         2x1d4     90%         1
 Kiss of Death            Conj/Necr      0%         2d5       90%         1
 Magic Dart               Conj           0%         1d3       90%         1
 Necrotise                Necr           0%         1d4       90%         1
 Sandblast                Erth           0%         2d4       90%         1
 Shock                    Conj/Air       0%         1d3       90%         1
 Slow                     Hex            0%         N/A       90%         1
 Sting                    Conj/Alch      0%         1d3       90%         1
 Summon Small Mammal      Summ           0%         N/A       90%         1
 Call Imp                 Summ           0%         N/A       97%         2
 Cigotuvi's Dreadful Rot  Necr/Alch/Air  0%         N/A       97%         2
 Ensorcelled Hibernation  Hex/Ice        0%         N/A       97%         2
 Jinxbite                 Hex            0%         N/A       97%         2
 Lesser Beckoning         Tloc           0%         N/A       97%         2
 Searing Ray              Conj           0%         2d4       97%         2
 Static Discharge         Conj/Air       0%         3-3/arc   97%         2
 Sublimation of Blood     Necr           0%         N/A       97%         2
 Call Canine Familiar     Summ           0%         N/A       99%         3
 Confusing Touch          Hex            0%         N/A       99%         3
 Dazzling Flash           Conj/Hex       0%         N/A       99%         3
 Fugue of the Fallen      Necr           0%         N/A       99%         3
 Gell's Gravitas          Tloc           0%         N/A       99%         3
 Hailstorm                Conj/Ice       0%         3d5       99%         3
 Inner Flame              Hex/Fire       0%         N/A       99%         3
 Mephitic Cloud           Conj/Alch/Air  0%         N/A       99%         3
 Ozocubu's Armour         Ice            0%         N/A       99%         3
 Sigil of Binding         Hex            0%         N/A       99%         3
 Summon Ice Beast         Ice/Summ       0%         N/A       99%         3
 Swiftness                Air            0%         N/A       99%         3
 Teleport Other           Tloc           0%         N/A       99%         3
 Tukima's Dance           Hex            0%         N/A       99%         3
 Vampiric Draining        Necr           0%         2d6       99%         3
 Airstrike                Air            0%         2d(0-16)  100%        4
 Anguish                  Hex/Necr       0%         N/A       100%        4
 Animate Armour           Summ/Erth      0%         N/A       100%        4
 Animate Dead             Necr           0%         N/A       100%        4
 Brom's Barrelling Bould  Conj/Erth      0%         2d3       100%        4
 Cause Fear               Hex            0%         N/A       100%        4
 Dimensional Bullseye     Hex/Tloc       0%         N/A       100%        4
 Dispel Undead            Necr           0%         3d6       100%        4
 Flame Wave               Conj/Fire      0%         2d4       100%        4
 Fulminant Prism          Conj/Alch      0%         3d5       100%        4
 Ignite Poison            Fire/Alch      0%         N/A       100%        4
 Iskenderun's Mystic Bla  Conj/Tloc      0%         2d3       100%        4
 Leda's Liquefaction      Alch/Erth      0%         N/A       100%        4
 Manifold Assault         Tloc           0%         N/A       100%        4
 Olgreb's Toxic Radiance  Alch           0%         N/A       100%        4
 Passage of Golubria      Tloc           0%         N/A       100%        4
 Petrify                  Alch/Erth      0%         N/A       100%        4
 Summon Lightning Spire   Summ/Air       0%         N/A       100%        4
 Vhi's Electric Charge    Tloc/Air       0%         N/A       100%        4
 Alistair's Intoxication  Alch           0%         N/A       100%        5
 Arcjolt                  Conj/Air       0%         1d10      100%        5
 Borgnjor's Vile Clutch   Necr/Erth      0%         N/A       100%        5
 Curse of Agony           Necr           0%         N/A       100%        5
 Fireball                 Conj/Fire      0%         3d3       100%        5
 Freezing Cloud           Conj/Ice/Air   0%         6-21      100%        5
 Irradiate                Conj/Alch      0%         3d11      100%        5
 Iskenderun's Battlesphe  Conj           0%         2d6       100%        5
 Lee's Rapid Deconstruct  Erth           0%         3d4*      100%        5
 Silence                  Hex/Air        0%         N/A       100%        5
 Summon Forest            Summ/Tloc      0%         N/A       100%        5
 Summon Mana Viper        Hex/Summ       0%         N/A       100%        5
 Yara's Violent Unravell  Hex/Alch       0%         3d3       100%        5
 Bombard                  Conj/Erth      0%         9d1       100%        6
 Conjure Ball Lightning   Conj/Air       0%         3x3d6     100%        6
 Death Channel            Necr           0%         N/A       100%        6
 Dispersal                Tloc           0%         N/A       100%        6
 Eringya's Noxious Bog    Alch           0%         4d6       100%        6
 Plasma Beam              Fire/Air       0%         2x1d10    100%        6
 Starburst                Conj/Fire      0%         6d3       100%        6
 Summon Cactus Giant      Summ           0%         N/A       100%        6
 Enfeeble                 Hex            0%         N/A       100%        7
 Monstrous Menagerie      Summ           0%         N/A       100%        7
 Orb of Destruction       Conj           0%         9d5       100%        7
 Ozocubu's Refrigeration  Ice            0%         4d7       100%        7
 Spellforged Servitor     Conj/Summ      0%         N/A       100%        7
 Summon Hydra             Summ           0%         N/A       100%        7
 Discord                  Hex            0%         N/A       100%        8
 Ignition                 Fire           0%         3d3       100%        8
 Chain Lightning          Conj/Air       0%         N/A       100%        9
 Dragon's Call            Summ           0%         N/A       100%        9
 Shatter                  Erth           0%         3d5*      100%        9


Dungeon Overview and Level Annotations

Branches:
Dungeon (15/15)            Temple (1/1) D:7            Lair (5/5) D:9
 Shoals (4/4) Lair:2        Snake (4/4) Lair:2        Slime (0/5) Lair:4
    Orc (2/2) D:9             Elf (3/3) Orc:2        Vaults (5/5) D:14
  Crypt (3/3) Vaults:2       Tomb (0/3) Crypt:3      Depths (4/4) D:15
   Hell (visited)             Dis (0/7) Hell            Geh (0/7) Hell
    Coc (0/7) Hell            Tar (0/7) Hell            Zot (5/5) Depths:4
  Sewer (visited)

Altars:
Ashenzari
Cheibriados
Dithmenos
Elyvilon
Fedhas
Gozag
Hepliaklqana
Kikubaaqudgha
Makhleb
Nemelex Xobeh
Okawaru
Qazlal
Ru
Sif Muna
Trog
Uskayaw
Vehumet
Wu Jian
Xom
Yredelemnul
Zin
The Shining One

Shops:
D:4 ((?   D:8 [   D:9 =   D:11 [   D:12 [(   D:14 :*:   Orc:2 [[(*   Elf:2 ?
Shoals:1 =   Snake:1 (?   Vaults:1 (   Vaults:2 [   Vaults:4 !
Vaults:5 ??!!?!   Depths:1 *

Portals:
Hell: Depths:1 Depths:2 Depths:3 Depths:4
Abyss: Lair:2 Depths:2 Depths:3
Pandemonium: Depths:2 Depths:3
Ziggurat: Depths:1


Innate Abilities, Weirdness & Mutations

You have a pair of horns on your head.
You reflexively headbutt those who attack you in melee.
You are partially covered in large bone plates. (SH +4)
You are clumsy. (Dex -2)
Your body often deteriorates upon taking damage.
You are dopey. (Int -2)
You are somewhat resistant to further mutation.
Your system is resistant to poisons. (rPois)
You occasionally shout uncontrollably at your foes.
Your muscles are strong. (Str +4, Int/Dex -1)
You occasionally lose the ability to drink potions when taking damage.


Message History

There is a stone staircase leading down here.
A lorocyproca comes into view.
The lorocyproca gives a chilling moan.
There is a stone staircase leading up here.
There is a stone staircase leading up here.
You climb upwards.
There is a stone staircase leading down here.
There is an open door here.
There is an open door, spattered with blood here.
Things that are here:
a black bear skeleton; a hound skeleton
There is an open door here.
A demonspawn corrupter and a shadow demon come into view.
The demonspawn corrupter shouts!
The shadow demon gives a loud, deep croak!
There is a stone staircase leading up here.
The shadow demon gestures.
You climb upwards.
There is a stone staircase leading down here.
A rust devil comes into view.
You thrash the rust devil!!
The rust devil convulses!
The rust devil is severely wounded.
You thrash the rust devil!!
You kill the rust devil!
The Shining One accepts your kill.
No target in view!
No target in view!
There is a stone staircase leading up here.
You climb upwards.
There is a stone staircase leading down here.
There is an open door here.
There is a stone staircase leading up here.
You climb upwards.
There is a stone staircase leading down here.
There is a stone staircase leading up here.
You climb upwards.
There is a stone staircase leading down here.
You see here a +0 scale mail.
There is a staircase leading out of the dungeon here.
You have escaped!

#................##...§§§§......#
#..........###..##.....§§####....
#..............##......### ###..
#..............##.....## ##.
##(.......#...##.....## ##
#.............##.....# #
#.............##..[.## #
#....(.....#..##..(.#
#..........#..#ß@...#
#..........#..##....## #
##........#...##.....# #
##.....>##.).##.....## ##
#####.......##......## ##.
#....##..##......### ###..
#...###..##[......§####.... #...#
#...##.....§§§....... #####
#....##...§.§.......#


There were no monsters in sight!

Vanquished Creatures
  6 dread liches
  Tiamat (Zot:1)
  Frederick (Vaults:3)
  2 ancient liches
  9 orbs of fire (Zot:5)
  Mara (Depths:3)
  Xtahua (Depths:4)
  Bai Suzhen (Shoals:3)
  Sojobo (Vaults:4)
  Vv (Crypt:2)
  3 Killer Klowns
  Margery (Vaults:4)
  Geryon (Hell)
  5 caustic shrikes
  3 curse toes
  Nikola (Depths:1)
  15 golden dragons
  the Enchantress (Depths:1)
  Norris (Vaults:1)
  5 electric golems
  2 bone dragons
  2 doom hounds (Depths:4)
  The ghost of Qoas the Severer, an adept GnCA of Ignis (Vaults:1)
  The ghost of Jabb the Severer, an adept DsGl of Jiyva (Elf:2)
  Jorgrun (D:13)
  28 Orb Guardians
  Zenata (Vaults:4)
  2 hellephants
  18 tentacled monstrosities
  2 Ice Fiends
  Grunn (Depths:4)
  9 liches
  Asterion (Vaults:1)
  2 deep elf master archers (Elf:3)
  4 deep elf blademasters
  11 titans
  2 sphinxes
  16 death cobs
  6 quicksilver dragons
  A kraken (Abyss:4)
  An Executioner (Depths:3)
  3 ancient champions
  7 tentacled starspawn (Abyss:4)
  Donald (Vaults:1)
  Frances (D:14)
  18 storm dragons
  Agnes (D:14)
  4 tengu reavers
  The ghost of Oneirical the Spry, an adept FeFE of Vehumet (Shoals:1)
  13 shadow dragons
  Aizul (Elf:3)
  9 draconian monks
  2 revenants (Crypt:2)
  The ghost of Oneirical the Eviscerator, an adept FeWr of Jiyva (Depths:1)
  9 nagarajas
  A demonspawn warmonger (Zot:4)
  5 deep elf sorcerers
  Ilsuiw (Shoals:3)
  3 daevas
  Roxanne (D:14)
  8 draconian scorchers
  2 iron dragons (Hell)
  9 draconian shifters
  2 deep elf elementalists (Elf:3)
  4 fire giants
  9 draconian knights
  2 balrugs
  A ghost moth (Zot:5)
  18 vault wardens
  A spectral juggernaut (Depths:1)
  5 frost giants
  Louise (Elf:3)
  4 ghouls
  2 angels
  8 reapers
  A juggernaut zombie (Crypt:3)
  4 draconian stormcallers
  3 cacodemons
  A spectral caustic shrike (Depths:1)
  A caustic shrike zombie (Abyss:4)
  5 orc warlords
  3 spriggan defenders (Depths:1)
  16 very ugly things
  23 ironbound preservers
  17 stone giants
  A juggernaut skeleton (Crypt:1)
  3 formless jellyfish
  7 draconian annihilators
  An ophan (Abyss:4)
  7 ironbound thunderhulks
  11 red draconians
  12 green draconians
  5 deep elf demonologists (Elf:3)
  11 vampire knights
  14 deep elf death magi
  A demonspawn black sun (Zot:4)
  2 eleionomae (Shoals:3)
  9 deep elf annihilators
  21 black draconians
  4 dire elephants (Vaults:1)
  8 war gargoyles
  2 minotaurs (Elf:2)
  12 purple draconians
  18 spark wasps
  17 yellow draconians
  17 white draconians
  2 eidola (Crypt:2)
  8 merfolk javelineers
  A blizzard demon (Hell)
  6 crystal guardians
  A deep elf high priest (Vaults:5)
  13 ettins
  The ghost of bakla the Thaumaturge, a journeyman HuEE of Cheibriados (Lair:3)
  15 jiangshi
  9 merfolk impalers
  10 great orbs of eyes
  Josephine (D:11)
  A spectral spriggan (Depths:1)
  A shambling mangrove (Abyss:4)
  An entropy weaver (Vaults:1)
  10 fire dragons
  9 yaktaur captains
  3 ogre magi
  7 rakshasas
  3 salamander tyrants
  Erolcha (D:10)
  A spriggan zombie (Crypt:3)
  4 peacekeepers
  A hell beast (Depths:2)
  5 spriggan air magi
  34 vault guards
  3 spriggan skeletons
  8 ice dragons
  4 anacondas
  4 centaur warriors
  4 catoblepae
  12 ironbound frosthearts
  2 death knights
  6 hydras
  5 merfolk aquamancers
  A bennu zombie (Crypt:2)
  16 two-headed ogres
  2 ghost crabs (Abyss:4)
  34 dancing weapons
  5 satyrs
  5 boulder beetles
  10 deep troll earth magi
  27 thrashing horrors (Abyss:4)
  3 merfolk avatars (Shoals:4)
  3 deep troll shamans
  2 demonic crawlers
  14 naga warriors
  3 hell hogs (Depths:1)
  3 tengu warriors
  9 vampire magi
  4 spriggans
  The ghost of Walel the Zephyrmancer, a journeyman TeAE of Gozag (Lair:2)
  7 orc high priests
  2 titan zombies (Crypt:3)
  6 death yaks (Lair:5)
  5 spriggan berserkers
  5 shock serpents
  8 sun demons
  16 naga sharpshooters
  22 hell knights
  3 soul eaters
  22 deep elf knights
  A skyshark (shapeshifter) (Vaults:5)
  2 shadow wraiths
  2 fire crabs (Abyss:4)
  6 skysharks
  12 wretched stars (Abyss:4)
  9 salamander mystics
  4 spatial maelstroms (Abyss:4)
  12 sea snakes
  6 sixfirhies
  Lodul (D:12)
  34 skeletal warriors
  2 bunyip zombies
  A sea snake (shapeshifter) (Vaults:5)
  2 anaconda zombies
  6 iron trolls
  3 flayed ghosts
  10 mana vipers
  A shadow demon (D:15)
  77 deep trolls
  A sun moth (Shoals:3)
  3 glowing orange brains
  A naga ritualist (Snake:4)
  10 phantasmal warriors
  A golden dragon skeleton (Depths:2)
  A kraken simulacrum (Hell)
  A harpy (shapeshifter) (D:14)
  An alligator zombie (Hell)
  7 arcanists
  16 deep elf archers
  A bunyip skeleton (Crypt:3)
  Pikel (D:5)
  A lindwurm (Vaults:1)
  20 harpies
  24 ironbound convokers
  35 deep elf pyromancers
  15 necromancers
  25 deep elf zephyrmancers
  82 starcursed masses
  A wolf spider (shapeshifter) (Vaults:5)
  8 orc sorcerers
  29 large abominations
  A frost giant zombie (Crypt:2)
  2 tengu zombies (Vaults:1)
  9 cyclopes
  A will-o-the-wisp (Abyss:4)
  14 orc knights
  A faun (shapeshifter) (Vaults:5)
  2 tengu skeletons
  34 ugly things
  An alligator skeleton (Hell)
  14 manticores
  24 salamanders
  A toenail golem (Zot:5)
  19 moths of wrath
  22 fauns
  3 kobold blastminers (Orc:2)
  A shadow dragon skeleton (Crypt:2)
  2 worldbinders (Abyss:4)
  12 merfolk sirens
  2 apocalypse crabs (Abyss:4)
  27 elephants
  9 water nymphs
  A fire giant skeleton (Depths:1)
  11 rust devils
  20 vault sentinels
  2 guardian serpents (Snake:3)
  22 black mambas
  A gargoyle (D:12)
  14 naga magi
  2 orange demons
  5 molten gargoyles (Hell)
  A centaur zombie (Crypt:2)
  A moth of wrath (shapeshifter) (Vaults:5)
  A kobold demonologist (D:7)
  11 smoke demons
  A spectral sea snake (Shoals:1)
  A sea snake zombie (Hell)
  8 cane toads
  5 efreet
  A rime drake (shapeshifter) (D:15)
  7 rime drakes
  A centaur skeleton (Crypt:3)
  2 ice devils (Abyss:4)
  3 unseen horrors
  3 tormentors
  14 komodo dragons
  3 guardian mummies (Crypt:1)
  An alligator snapping turtle skeleton (Crypt:2)
  22 yaktaurs
  14 ancient zymes
  6 tengu conjurers
  2 hydra zombies (Hell)
  5 freezing wraiths
  4 red devils
  2 harpy zombies (Crypt:3)
  30 merfolk
  A shadow dragon simulacrum (Depths:2)
  A wind drake (shapeshifter) (Vaults:5)
  A tarantella (Vaults:1)
  3 wind drakes (Shoals:1)
  A hellwing (Zot:4)
  4 trolls
  2 spectral manticores (Shoals:1)
  A harpy skeleton (Crypt:3)
  6 hornets
  14 blink frogs
  23 dream sheep
  A dream sheep (shapeshifter) (Vaults:5)
  A guardian serpent zombie (Crypt:2)
  12 snapping turtles
  A glass eye (Depths:3)
  A hydra skeleton (Hell)
  35 slime creatures
  A frost giant simulacrum (Depths:2)
  41 raiju (Abyss:4)
  3 ettin zombies
  A shadow (D:12)
  A fire giant simulacrum (Depths:2)
  A meliai zombie (Crypt:1)
  A spectral wind drake (Shoals:1)
  3 air elementals
  Sigmund (D:4)
  A centaur simulacrum (D:14)
  An ettin skeleton (Vaults:1)
  9 water elementals
  5 wyverns
  A human (shapeshifter) (D:9)
  59 yaks
  13 basilisks
  A vampire (D:14)
  12 wraiths
  9 wargs
  7 ynoxinuls (Abyss:4)
  A wyvern (shapeshifter) (D:15)
  4 fire elementals
  A golden eye (Abyss:4)
  5 neqoxecs
  Eustachio (D:5)
  2 steam dragons
  A redback (Vaults:1)
  A sea snake simulacrum (Hell)
  Menkaure (D:7)
  10 vampire mosquitoes
  6 chaos spawn (Abyss:4)
  A swamp worm (shapeshifter) (Vaults:5)
  2 spatial vortices (Abyss:4)
  9 water moccasins
  3 hell hounds (Hell)
  10 two-headed ogre zombies (Orc:1)
  A hydra simulacrum (Hell)
  3 acid dragons
  51 nagas
  2 spectral snapping turtles (Shoals:1)
  A human skeleton (Depths:1)
  66 orc warriors
  A cane toad skeleton (Crypt:2)
  A sky beast (D:7)
  74 laughing skulls
  4 black bears
  A satyr simulacrum (Shoals:1)
  A snapping turtle zombie (Crypt:1)
  2 boggarts (Vaults:1)
  13 small abominations (Abyss:4)
  12 wolves
  22 ogres
  A hog zombie (Crypt:1)
  6 centaurs
  A lemure (D:5)
  A swamp dragon skeleton (Crypt:2)
  A human zombie (Vaults:1)
  3 kobold brigands
  4 weeping skulls (Abyss:4)
  A water nymph simulacrum (Shoals:1)
  15 bullfrogs
  A glowing shapeshifter simulacrum (Depths:1)
  4 scorpions
  4 earth elementals
  3 gnoll sergeants
  3 necrophages
  9 wights
  23 killer bees
  2 merfolk simulacra (Shoals:1)
  A wolf zombie (Crypt:1)
  4 electric eels
  A vampire bat (D:5)
  A yak skeleton (Crypt:1)
  6 howler monkeys
  7 lava snakes
  A crimson imp (Abyss:4)
  2 bullfrog zombies (D:6)
  4 bombardier beetles
  2 hounds
  5 jellies
  38 orc priests
  A gnoll bouda (D:7)
  An iron imp (Abyss:4)
  A sleepcap (D:6)
  Crazy Yiuf (D:5)
  7 iguanas
  31 orc wizards
  13 hell rats
  An ogre skeleton (Crypt:1)
  7 mummies (Crypt:1)
  12 gnolls
  10 adders
  5 river rats (Sewer)
  A shadow imp (D:5)
  4 white imps
  6 ufetubi
  A jelly zombie (Crypt:2)
  An adder zombie (Crypt:1)
  3 dart slugs
  3 ribbon worms
  127 orcs
  14 ball pythons
  3 bats
  4 bat skeletons
  3 bat zombies
  19 endoplasms
  A giant cockroach (D:1)
  11 goblins
  6 hobgoblins
  15 jackals
  16 kobolds
  2 quokkas
  5 frilled lizards
  A gnoll skeleton (Crypt:2)
  A gnoll zombie (Crypt:1)
  20 rats
  A river rat skeleton (Crypt:2)
  2 lurking horrors (Abyss:4)
  6 starspawn tentacles (Abyss:4)
  2 tentacles (Hell)
3038 creatures vanquished.

Vanquished Creatures (collateral kills)
  3 tentacled monstrosities (Zot:5)
  A death cob (Zot:5)
4 creatures vanquished.

Vanquished Creatures (others)
  A fire giant (Depths:1)
  A white draconian (Zot:4)
  A purple draconian (Zot:4)
  A spriggan berserker (Depths:1)
  3 deep elf zephyrmancers
  A manticore (Shoals:4)
  A naga mage (Snake:2)
  An ice devil (D:1)
  A yaktaur (Vaults:5)
  A merfolk (Shoals:3)
  A raiju (Abyss:4)
  A chaos spawn (Abyss:4)
  2 laughing skulls (Abyss:4)
  A small abomination (Abyss:4)
  2 wights (Abyss:4)
  A crimson imp (Abyss:4)
  A starcursed mass (Abyss:4)
  2 ufetubi (Abyss:4)
  2 orcs (Orc:1)
  2 foxfires (Abyss:4)
  3 lurking horrors (Abyss:4)
  20 starspawn tentacles (Abyss:4)
  4 tentacles (Hell)
54 creatures vanquished.

Grand Total: 3096 creatures vanquished

Notes
Turn   | Place    | Note
-------+----------+-------------------------------------------
     0 | D:1      | Krumphau the Minotaur Fighter began the quest for the Orb.
     0 | D:1      | Reached XP level 1. HP: 19/19 MP: 0/0
    51 | D:1      | Reached XP level 2. HP: 26/27 MP: 1/1
   260 | D:1      | Reached XP level 3. HP: 33/33 MP: 2/2
   285 | D:1      | Found a faded altar of an unknown god.
  1166 | D:3      | Found a sparkling altar of Nemelex Xobeh.
  1177 | D:3      | Reached skill level 1 in Maces & Flails
  1180 | D:3      | Reached XP level 4. HP: 30/40 MP: 3/3
  1289 | D:3      | Identified the +5 hand axe "Impslayer" {heavy, rN+ Str+4}
  1359 | D:3      | Found a snail-covered altar of Cheibriados.
  1416 | D:3      | Reached XP level 5. HP: 47/47 MP: 4/4
  1667 | D:3      | Found an opulent altar of Gozag.
  1667 | D:3      | Found a shimmering altar of Xom.
  1667 | D:3      | Found an iron altar of Okawaru.
  1667 | D:3      | Found a glowing golden altar of the Shining One.
  1667 | D:3      | Found a glowing silver altar of Zin.
  1667 | D:3      | Found a sacrificial altar of Ru.
  1696 | D:3      | Became a worshipper of the Shining One
  1745 | D:4      | Found Liniwuci's Magic Scroll Boutique.
  1752 | D:4      | Reached skill level 5 in Armour
  1752 | D:4      | Reached skill level 5 in Shields
  1752 | D:4      | Reached XP level 6. HP: 48/55 MP: 5/5
  1845 | D:4      | Found Jox Voco's Weapon Boutique.
  1882 | D:4      | Noticed Sigmund
  1887 | D:4      | Reached skill level 5 in Fighting
  1903 | D:4      | Killed Sigmund
  1904 | D:4      | Reached skill level 1 in Invocations
  1904 | D:4      | Reached XP level 7. HP: 51/61 MP: 5/7
  2068 | D:4      | Found a blossoming altar of Fedhas.
  2120 | D:4      | Found Qiave Goppe's Antique Weapon Boutique.
  2264 | D:4      | Reached skill level 5 in Maces & Flails
  2451 | D:4      | Found an iron altar of Okawaru.
  2792 | D:5      | Entered Level 5 of the Dungeon
  2982 | D:5      | Reached XP level 8. HP: 57/70 MP: 8/8
  3036 | D:5      | Found a glowing drain.
  3036 | D:5      | Reached * piety under the Shining One
  3055 | Sewer    | Entered a sewer
  3650 | D:5      | Found a runed translucent door.
  3651 | D:5      | Noticed Crazy Yiuf
  3685 | D:5      | Found an ancient bone altar of Kikubaaqudgha.
  3870 | D:5      | Noticed Eustachio
  3888 | D:5      | Killed Eustachio
  4073 | D:5      | Noticed Pikel
  4082 | D:5      | Killed Pikel
  4083 | D:5      | Reached XP level 9. HP: 65/79 MP: 10/10
  4327 | D:5      | Killed Crazy Yiuf
  4396 | D:6      | Reached ** piety under the Shining One
  4455 | D:6      | Noticed Menkaure
  5026 | D:6      | Found a basalt altar of Yredelemnul.
  5089 | D:7      | Killed Menkaure
  5108 | D:7      | Found a staircase to the Ecumenical Temple.
  5176 | Temple   | Entered the Ecumenical Temple
  5187 | D:7      | Noticed a two-headed ogre
  5196 | D:7      | Killed a two-headed ogre
  5197 | D:7      | Reached skill level 5 in Invocations
  5327 | D:7      | Noticed an unseen horror
  5333 | D:7      | Reached XP level 10. HP: 40/88 MP: 12/12
  5344 | D:7      | Reached skill level 10 in Maces & Flails
  5731 | D:7      | Noticed a sixfirhy
  5733 | D:7      | Noticed a smoke demon
  5734 | D:7      | Noticed a rust devil
  5990 | D:7      | Identified the +0 ring mail of Impatience {Str+3}
  6063 | D:7      | Reached *** piety under the Shining One
  6521 | D:8      | Found Hiewiq's Armour Shoppe.
  6554 | D:8      | Found a glowing silver altar of Zin.
  7360 | D:9      | Found a staircase to the Orcish Mines.
  7456 | D:9      | Reached XP level 11. HP: 53/97 MP: 14/14
  7724 | D:9      | Noticed a two-headed ogre
  7740 | D:9      | Killed a two-headed ogre
  7759 | D:9      | Reached **** piety under the Shining One
  7878 | D:9      | Found a staircase to the Lair.
  7891 | D:9      | Noticed a two-headed ogre
  7910 | D:9      | Killed a two-headed ogre
  7911 | D:9      | Reached skill level 10 in Armour
  8095 | D:9      | Reached skill level 10 in Fighting
  8113 | D:9      | Found a radiant altar of Vehumet.
  8143 | D:9      | Found Ales's Jewellery Shop.
  8251 | D:9      | Reached skill level 10 in Shields
  8832 | D:10     | Entered Level 10 of the Dungeon
  9283 | D:10     | Found a portal to a secret trove of treasure.
  9292 | Trove    | Entered a treasure trove
  9306 | Trove    | Identified the +0 mace of Misery {protect, Int+3}
  9308 | Trove    | Identified the +9 hand axe of Gacysk {protect, rC+ rCorr}
  9330 | Trove    | Identified the +10 hand axe of Conversion {elec, rElec
                  | rCorr Str-4 Int+6}
  9348 | D:10     | Reached skill level 10 in Invocations
  9395 | D:10     | Found a stormy altar of Qazlal.
  9470 | D:10     | Noticed Erolcha
  9478 | D:10     | Killed Erolcha
  9479 | D:10     | Reached skill level 1 in Dodging
  9479 | D:10     | Reached XP level 12. HP: 76/106 MP: 18/18
 10130 | D:11     | Noticed Josephine
 10137 | D:11     | Killed Josephine
 10225 | D:11     | Found Norghestry's Antique Armour Shop.
 10364 | D:11     | Noticed a centaur warrior
 10373 | D:11     | Killed a centaur warrior
 10493 | D:11     | Noticed a two-headed ogre
 10500 | D:11     | Killed a two-headed ogre
 10516 | D:11     | Identified the +7 long sword "Tiufaliu" {venom, rN+}
 11008 | D:11     | Got the Folio of the Snake and Mud
 11277 | D:12     | Noticed Lodul
 11289 | D:12     | Killed Lodul
 11490 | D:12     | Found Xoxabbor's Antique Weapon Shop.
 11584 | D:12     | Noticed a boulder beetle
 11585 | D:12     | Noticed a boulder beetle
 11605 | D:12     | Killed a boulder beetle
 11751 | D:12     | Killed a boulder beetle
 11988 | D:12     | Noticed a boulder beetle
 12016 | D:12     | Killed a boulder beetle
 12129 | D:12     | Found Ynewn's Armour Boutique.
 12290 | Lair:1   | Entered Level 1 of the Lair of Beasts
 12423 | Lair:1   | Reached skill level 5 in Dodging
 12465 | Lair:1   | Reached XP level 13. HP: 96/116 MP: 20/20
 13658 | Lair:2   | Found a transporter.
 13740 | Lair:2   | Identified the +1 dagger of Scorn {heavy, ^Drain Will++}
 13818 | Lair:2   | Found a transporter.
 13819 | Lair:2   | Noticed Walel's ghost (journeyman TeAE)
 13820 | Lair:2   | Found a one-way gate to the infinite horrors of the Abyss.
 13889 | Lair:2   | Found a staircase to the Shoals.
 14344 | Lair:2   | Found a staircase to the Snake Pit.
 15636 | Lair:3   | Found a runed translucent door.
 15637 | Lair:3   | Found a shimmering altar of Xom.
 15637 | Lair:3   | Noticed bakla's ghost (journeyman HuEE)
 15739 | Lair:3   | Killed bakla's ghost
 15984 | Lair:4   | Reached XP level 14. HP: 89/127 MP: 22/22
 16519 | Lair:4   | Found a staircase to the Slime Pits.
 16577 | Lair:5   | Entered Level 5 of the Lair of Beasts
 16589 | Lair:5   | Identified 2 scrolls of acquirement
 16591 | Lair:5   | Acquired a manual of Fighting
 16593 | Lair:5   | Acquired a manual of Armour
 18838 | Orc:1    | Entered Level 1 of the Orcish Mines
 19051 | Orc:1    | Noticed an orc warlord
 19238 | Orc:1    | Killed an orc warlord
 19701 | Orc:1    | Reached skill level 15 in Fighting
 19747 | Orc:1    | Noticed an orc warlord
 19753 | Orc:1    | Reached ***** piety under the Shining One
 19761 | Orc:1    | Reached skill level 15 in Armour
 19796 | Orc:1    | Killed an orc warlord
 19985 | Orc:2    | Entered Level 2 of the Orcish Mines
 19995 | Orc:2    | Reached XP level 15. HP: 141/141 MP: 23/23
 20456 | Orc:2    | HP: 2/141 [sun demon[an orc sorcerer] (7)]
 20462 | Orc:2    | HP: 5/141 [orc priest/divine providence (13)]
 21126 | Orc:2    | Found Jiamorph's General Store.
 21148 | Orc:2    | Found Yniusch's Antique Weapon Shoppe.
 21525 | Orc:2    | Reached skill level 10 in Dodging
 21717 | Orc:2    | Found a staircase to the Elven Halls.
 21905 | Orc:2    | Got the Volume of Vivid Reagents
 22031 | Orc:2    | Identified the +10 orcbow "Tiystriz" {elec, rElec}
 22189 | Orc:2    | Found Mezufuonic's Antique Armour Emporium.
 22331 | Orc:2    | Reached ****** piety under the Shining One
 22388 | Orc:2    | Found Keshriep's Armour Shop.
 22855 | Orc:2    | Identified a +3 sacred scourge of holy wrath (a +1 demon
                  | whip of draining blessed by the Shining One)
 22855 | Orc:2    | Received a gift from the Shining One
 23557 | D:13     | Noticed Jorgrun
 23576 | D:13     | Reached skill level 15 in Shields
 23585 | D:13     | Killed Jorgrun
 23947 | D:11     | Bought gold dragon scales for 2160 gold pieces
 23991 | D:14     | Found Ygguimy's Assorted Antiques.
 24325 | D:14     | Noticed Roxanne
 24340 | D:14     | Killed Roxanne
 24481 | D:14     | Found Focaceir's Book Shoppe.
 24625 | D:14     | Noticed Frances
 24655 | D:14     | Killed Frances
 24740 | D:14     | Found a gate to the Vaults.
 24783 | D:14     | Reached XP level 16. HP: 155/155 MP: 25/25
 24799 | D:14     | Found Sukew's Book Shoppe.
 24853 | D:14     | Noticed Agnes
 24862 | D:14     | Killed Agnes
 24993 | D:15     | Entered Level 15 of the Dungeon
 25339 | D:15     | Identified the +4 halberd of Karma {protect, rF+ rC+
                  | Stlth-}
 25805 | D:15     | Found a staircase to the Depths.
 25867 | D:12     | Bought a +0 pair of boots of flying for 172 gold pieces
 26019 | Snake:1  | Entered Level 1 of the Snake Pit
 26598 | Snake:1  | Found Tonum's Magic Scroll Shop.
 26641 | Snake:1  | Found Gimpekoqoy's Weapon Boutique.
 29817 | Snake:3  | Reached XP level 17. HP: 122/168 MP: 27/27
 30187 | Snake:3  | Reached skill level 15 in Invocations
 31143 | Snake:4  | Entered Level 4 of the Snake Pit
 31236 | Snake:4  | Identified the +0 robe of the Present {Str+2}
 31634 | Snake:4  | Identified the ring of Lugonu's Generosity {rPois Str+4
                  | SInv}
 31977 | Snake:4  | Found a bloodstained altar of Trog.
 33833 | Snake:4  | Got a serpentine rune of Zot
 34171 | Shoals:1 | Entered Level 1 of the Shoals
 34293 | Shoals:1 | Found a runed translucent gate.
 34293 | Shoals:1 | Found a runed translucent gate.
 34293 | Shoals:1 | Found a runed translucent gate.
 34294 | Shoals:1 | Noticed Oneirical's ghost (adept FeFE)
 35212 | Shoals:1 | Found Utraorgh's Jewellery Shop.
 35384 | Shoals:1 | Killed Oneirical's ghost
 35402 | Shoals:1 | Identified the ring "Keul Yhi" {Will+ Dex+2 Slay+3}
 35684 | Shoals:2 | Reached XP level 18. HP: 148/178 MP: 28/28
 35859 | Shoals:2 | Identified the +0 leather armour "Edotz" {Harm rPois Regen+
                  | SInv}
 35872 | Shoals:2 | You are sucked into a shaft and drop 1 floor!
 36016 | Shoals:3 | Identified the +6 shortbow of Shrieking Terror {speed,
                  | rElec Will++ Int-3}
 36346 | Shoals:3 | Noticed Ilsuiw
 36372 | Shoals:3 | Killed Ilsuiw
 37313 | Shoals:3 | Identified the +1 animal skin of Qeboez {Will+}
 37855 | Shoals:4 | Entered Level 4 of the Shoals
 37855 | Shoals:4 | Noticed Bai Suzhen
 37876 | Shoals:3 | Killed Bai Suzhen
 38822 | Shoals:4 | Got the Vellum of Charged Profane Words
 38905 | Shoals:4 | Identified the +4 hand axe "Lunwet" {vamp, Stlth+}
 39591 | Shoals:4 | Got the Catalogue of the Faeries and Oromancy
 39735 | Shoals:4 | Identified the ring "Wohuopn" {rElec rF++ rC- rCorr}
 39902 | Shoals:4 | Got a barnacled rune of Zot
 40228 | Elf:1    | Entered Level 1 of the Elven Halls
 40477 | Elf:1    | Reached XP level 19. HP: 152/188 MP: 30/30
 40757 | Elf:1    | Identified the maw talisman of Action {rElec rPois rCorr
                  | Str-3}
 40906 | Elf:1    | Reached skill level 15 in Dodging
 40966 | Elf:1    | Paralysed by an air elemental for 1 turns
 41745 | Elf:2    | Found a runed translucent gate.
 41745 | Elf:2    | Found a runed translucent gate.
 41745 | Elf:2    | Identified the +1 robe of Imperfection {Fly rC++}
 41745 | Elf:2    | Noticed Jabb's ghost (adept DsGl)
 41776 | Elf:2    | Found Ehivvuxa's Magic Scroll Boutique.
 42043 | Elf:2    | Found a runed translucent gate.
 42044 | Elf:2    | Found a runed translucent gate.
 42044 | Elf:2    | Found a runed translucent gate.
 42058 | Elf:2    | Found a runed translucent gate.
 42065 | Elf:2    | Found an iron altar of Okawaru.
 42856 | Elf:2    | Killed Jabb's ghost
 43158 | Elf:3    | Entered Level 3 of the Elven Halls
 43225 | Elf:3    | Identified the +6 shortbow of Nozesium {flame, rPois Int+4}
 43474 | Elf:3    | Paralysed by an air elemental for 1 turns
 43497 | Elf:3    | Noticed a Brimstone Fiend
 43575 | Elf:3    | Noticed a Brimstone Fiend
 43582 | Elf:3    | Reached XP level 20. HP: 199/199 MP: 31/31
 43619 | Abyss:4  | Cast into level 4 of the Abyss (a deep elf sorcerer)
 44069 | Abyss:4  | Gained mutation: Potions are less effective at restoring
                  | your health. [a neqoxec]
 44111 | Elf:3    | Escaped the Abyss
 44200 | Abyss:4  | Cast into level 4 of the Abyss (a deep elf demonologist)
 44519 | Abyss:4  | Paralysed by accursed screaming for 1 turns
 44574 | Elf:3    | Escaped the Abyss
 44961 | Elf:3    | Paralysed by an air elemental for 1 turns
 45020 | Elf:3    | Identified the +4 tower shield of Amelioration {^Contam
                  | Harm Slay+5}
 45020 | Elf:3    | Noticed Louise
 45026 | Elf:3    | Killed Louise
 45246 | Elf:3    | Identified the serpent talisman "Hagrou Kust" {rF++ Int+4
                  | Stlth-}
 45246 | Elf:3    | Noticed Aizul
 45268 | Elf:3    | Killed Aizul
 45279 | Elf:3    | Killed the ghostly Aizul
 45514 | Elf:3    | Got Jiet's Textbook on Differential Battling
 45541 | Elf:3    | Identified the staff "Upliw" {+Blink rElec rC- rCorr Int+3
                  | Air}
 45545 | Elf:3    | Identified the +1 ring mail "Ojozaip" {+Blink rN+}
 45547 | Elf:3    | Identified the +0 plate armour of Hedge Wizardry {*Corrode
                  | Str-4 Int+10}
 45551 | Elf:3    | Got the Quarto of Angular Generation
 46033 | Vaults:1 | Entered Level 1 of the Vaults
 46055 | Vaults:1 | Found Hutevitopt's Antique Weapon Boutique.
 46161 | Vaults:1 | Noticed Norris
 46240 | Vaults:1 | Killed Norris
 46793 | Vaults:1 | Noticed Asterion
 46814 | Vaults:1 | Killed Asterion
 46919 | Vaults:1 | Found a runed translucent gate.
 46939 | Vaults:1 | Found a runed translucent gate.
 46939 | Vaults:1 | Found a runed translucent gate.
 47024 | Vaults:1 | Reached XP level 21. HP: 176/209 MP: 33/33
 47290 | Vaults:1 | Noticed Donald
 47299 | Vaults:1 | Killed Donald
 47709 | Vaults:1 | Noticed Qoas's ghost (adept GnCA)
 47755 | Vaults:1 | Killed Qoas's ghost
 47758 | Vaults:1 | Gained mutation: You are dopey. (Int -2) [mutagenic glow]
 47996 | Vaults:1 | Identified the +1 pair of boots of a treasure trove {Will+
                  | Slay+3}
 48011 | Vaults:1 | Identified the +1 helmet of Dozy {rC+ Str+3}
 48639 | Vaults:2 | Identified the +0 pair of gloves of Infinity {Int+4}
 49156 | Vaults:2 | Found Oniroiff's Armour Emporium.
 49356 | Vaults:2 | Identified the ring of the Townfolk {rF+ Will++ rCorr Str-2
                  | Dex+3}
 49512 | Vaults:2 | Found a staircase to the Crypt.
 49512 | Vaults:2 | Found a basalt altar of Yredelemnul.
 49512 | Vaults:2 | Found an ancient bone altar of Kikubaaqudgha.
 49783 | Crypt:1  | Entered Level 1 of the Crypt
 50573 | Crypt:2  | Noticed Vv
 50614 | Crypt:2  | Killed Vv
 50615 | Crypt:2  | Reached XP level 22. HP: 220/220 MP: 34/34
 51266 | Crypt:3  | Entered Level 3 of the Crypt
 52009 | Crypt:3  | Found a staircase to the Tomb.
 52208 | Crypt:3  | Found an ancient bone altar of Kikubaaqudgha.
 52209 | Crypt:3  | Noticed a dread lich
 52217 | Crypt:3  | Killed a dread lich
 52256 | Crypt:3  | Got the Folio of Sinister Acts and the Gang
 52257 | Crypt:3  | Identified the +10 scimitar of Causality {freeze, rN+ rCorr
                  | Int-5}
 52307 | Crypt:3  | Identified the staff of Laceration {rF- rC- rN+ Will+++
                  | Int+4 Necro}
 52307 | Crypt:3  | Identified the death talisman "Suruof" {Fly rElec}
 52629 | Vaults:3 | Identified the orb "Joariam" {*channel, *Slow rC++ Str+4
                  | Ice}
 52629 | Vaults:3 | Noticed Frederick
 52660 | Vaults:3 | Killed Frederick
 53269 | Vaults:3 | Reached XP level 23. HP: 215/229 MP: 35/35
 53810 | Vaults:4 | Identified the +11 broad axe of Upsyvos {venom, rC+}
 53811 | Vaults:4 | Acquired a manual of Shapeshifting
 54127 | Vaults:4 | Noticed Margery
 54152 | Vaults:4 | Killed Margery
 54406 | Vaults:4 | Found Lymucoq's Distillery.
 54414 | Vaults:4 | Bought a potion of heal wounds for 90 gold pieces
 54414 | Vaults:4 | Bought a potion of curing for 54 gold pieces
 54414 | Vaults:4 | Bought a potion of heal wounds for 90 gold pieces
 54414 | Vaults:4 | Bought a potion of heal wounds for 90 gold pieces
 54414 | Vaults:4 | Bought a potion of might for 72 gold pieces
 54530 | Vaults:4 | Noticed Sojobo
 54538 | Vaults:4 | Paralysed by an air elemental for 1 turns
 54540 | Vaults:4 | Paralysed by an air elemental for 1 turns
 54546 | Vaults:4 | Killed Sojobo
 54887 | Vaults:4 | Noticed Zenata
 54899 | Vaults:4 | Killed Zenata
 55014 | Vaults:4 | Reached skill level 5 in Axes
 55205 | Vaults:5 | Entered Level 5 of the Vaults
 55453 | Vaults:4 | Reached skill level 10 in Axes
 55546 | Vaults:5 | Identified the +8 mace "Grim" {flame, rElec MP+9 SInv
                  | Stlth+}
 55731 | Vaults:5 | Noticed a dread lich
 55735 | Vaults:5 | Noticed an ancient lich
 55747 | Vaults:5 | Killed a dread lich
 55748 | Vaults:5 | Reached skill level 15 in Axes
 55748 | Vaults:5 | Killed an ancient lich
 55765 | Vaults:5 | Found Otwabainge's Magic Scroll Boutique.
 55765 | Vaults:5 | Found Xeca's Distillery.
 55776 | Vaults:5 | Found Daupnegu's Distillery.
 55802 | Vaults:5 | Found Zuevel's Magic Scroll Shoppe.
 55848 | Vaults:5 | Noticed a dread lich
 55851 | Vaults:5 | Identified the +4 trident of the Candelabrum {freeze,
                  | *Corrode Fly Will- Int+4}
 55867 | Vaults:5 | Killed a dread lich
 55874 | Vaults:5 | Reached XP level 24. HP: 216/240 MP: 36/36
 55902 | Vaults:5 | Noticed a dread lich
 55920 | Vaults:5 | Killed a dread lich
 56213 | Vaults:5 | Got Sokhismi's Octavo of Energy
 56537 | Vaults:5 | Found Risompo's Magic Scroll Shoppe.
 56582 | Vaults:5 | Found Wemier's Distillery.
 56748 | Vaults:5 | Got a silver rune of Zot
 56842 | Vaults:5 | Identified the +0 plate armour of the Unseen Realm {rCorr}
 57207 | Lair:2   | Killed Walel's ghost
 57444 | Depths:1 | Entered Level 1 of the Depths
 57456 | Depths:1 | Noticed Nikola
 57468 | Depths:1 | Killed Nikola
 57627 | Depths:1 | Found a shimmering altar of Xom.
 57731 | Depths:1 | Found a white marble altar of Elyvilon.
 57791 | Depths:1 | Found a one-way gateway to a ziggurat.
 58161 | Depths:1 | Found a transporter.
 58161 | Depths:1 | Noticed Oneirical's ghost (adept FeWr)
 58187 | Depths:1 | Found a transporter.
 58234 | Depths:1 | Found a gateway to Hell.
 58309 | Depths:1 | Reached skill level 27 in Armour
 58309 | Depths:1 | Reached XP level 25. HP: 239/250 MP: 36/36
 58334 | Depths:1 | Found Ygoagruh's Changing Room.
 58463 | Depths:1 | Noticed the Enchantress
 58472 | Depths:1 | Killed the Enchantress
 58813 | Depths:1 | Killed Oneirical's ghost
 58823 | Depths:1 | Identified the ring "Oxuto" {rElec rF+ Int+6 Dex-2}
 59101 | Depths:2 | Found a one-way gate leading to the halls of Pandemonium.
 59536 | Depths:2 | Found a sacrificial altar of Ru.
 59655 | Depths:3 | Reached XP level 26. HP: 260/260 MP: 36/36
 59667 | Depths:3 | Found a runed translucent door.
 59668 | Depths:3 | Noticed Mara
 59696 | Depths:3 | Killed Mara
 59698 | Depths:3 | Found a runed translucent door.
 59737 | Depths:3 | Found a runed translucent door.
 59738 | Depths:3 | Found a runed translucent door.
 59869 | Depths:3 | Identified the +8 dagger "Xakliato" {freeze, rF+++ rN+
                  | Str-4 Int-3}
 59872 | Depths:3 | Identified the staff of Bohole {Int+2 Earth}
 60814 | Depths:4 | Entered Level 4 of the Depths
 60853 | Depths:4 | Found a gate to the Realm of Zot.
 60909 | Depths:4 | Noticed Xtahua
 60940 | Depths:4 | Killed Xtahua
 61306 | Depths:4 | Noticed Grunn
 61338 | Depths:4 | Killed Grunn
 61540 | Depths:4 | Found a shadowy altar of Dithmenos.
 61819 | Hell     | Entered the Vestibule of Hell
 61820 | Hell     | Noticed Geryon
 61850 | Hell     | Killed Geryon
 61987 | Hell     | Found a gateway to the Iron City of Dis.
 62209 | Hell     | Found a gateway to the ashen valley of Gehenna.
 62291 | Hell     | Found a gateway to the decaying netherworld of Tartarus.
 62415 | Hell     | Found a gateway to the freezing wastes of Cocytus.
 62579 | Depths:3 | Voluntarily entered the Abyss.
 62834 | Abyss:4  | Paralysed by accursed screaming for 1 turns
 62860 | Abyss:4  | Paralysed by accursed screaming for 1 turns
 62865 | Abyss:4  | Paralysed by accursed screaming for 1 turns
 62889 | Abyss:4  | Paralysed by accursed screaming for 2 turns
 62989 | Abyss:4  | Noticed an ancient lich
 63005 | Abyss:4  | Killed an ancient lich
 63006 | Abyss:4  | Reached skill level 27 in Fighting
 63018 | Abyss:4  | Reached XP level 27. HP: 171/273 MP: 37/37
 63086 | Abyss:4  | Got an abyssal rune of Zot
 63612 | Abyss:4  | Found a corrupted altar of Lugonu.
 63834 | Depths:3 | Escaped the Abyss
 64001 | Zot:1    | Entered Level 1 of the Realm of Zot
 65265 | Zot:1    | Found the +4 dragonskin cloak
 65265 | Zot:1    | Noticed Tiamat
 65284 | Zot:1    | Killed Tiamat
 65614 | Zot:1    | Identified the +2 chain mail "Juasumerph" {rElec Str+3
                  | Int-5}
 66384 | Zot:2    | Identified the +2 ring mail of Gozag's Whim {Dex+3}
 66399 | Zot:2    | Reached skill level 27 in Shields
 66438 | Zot:2    | Identified the +9 hand axe "Kid Xeim" {flame, rN+ MP+9
                  | Int+5}
 68829 | Zot:4    | Gained mutation: You are vulnerable to heat. (rF-)
                  | [mutagenic glow]
 68844 | Zot:4    | Gained mutation: You are partially covered in large bone
                  | plates. (SH +4) [mutagenic glow]
 68854 | Zot:4    | Gained mutation: Armour fits poorly on your strangely
                  | shaped body. [mutagenic glow]
 69113 | Zot:4    | Lost mutation: Potions are less effective at restoring your
                  | health. [potion of mutation]
 69113 | Zot:4    | Lost mutation: You are vulnerable to heat. (rF-) [potion of
                  | mutation]
 69113 | Zot:4    | Lost mutation: Armour fits poorly on your strangely shaped
                  | body. [potion of mutation]
 69113 | Zot:4    | Gained mutation: You are frail. (-10% HP) [potion of
                  | mutation]
 69113 | Zot:4    | Gained mutation: You are agile. (Dex +4, Str/Int -1)
                  | [potion of mutation]
 69113 | Zot:4    | Gained mutation: You do not regenerate when monsters are
                  | visible. [potion of mutation]
 69114 | Zot:4    | Lost mutation: You are frail. (-10% HP) [potion of
                  | mutation]
 69114 | Zot:4    | Lost mutation: You are agile. (Dex +4, Str/Int -1) [potion
                  | of mutation]
 69114 | Zot:4    | Gained mutation: You are somewhat resistant to further
                  | mutation. [potion of mutation]
 69114 | Zot:4    | Gained mutation: Your body sometimes deteriorates upon
                  | taking damage. [potion of mutation]
 69114 | Zot:4    | Gained mutation: Your muscles are strong. (Str +4, Int/Dex
                  | -1) [potion of mutation]
 69216 | Zot:5    | Entered Level 5 of the Realm of Zot
 69763 | Zot:5    | Noticed a dread lich
 69774 | Zot:5    | Noticed a dread lich
 69778 | Zot:5    | Killed a dread lich
 69792 | Zot:5    | Killed a dread lich
 69859 | Zot:5    | Noticed an orb of fire
 69874 | Zot:5    | Killed an orb of fire
 70024 | Zot:5    | Noticed an orb of fire
 70028 | Zot:5    | Gained mutation: Your magical capacity is low. (-10% MP)
                  | [an orb of fire]
 70031 | Zot:5    | Noticed an orb of fire
 70037 | Zot:5    | Gained mutation: You are clumsy. (Dex -2) [an orb of fire]
 70043 | Zot:5    | Killed an orb of fire
 70054 | Zot:5    | Noticed an orb of fire
 70054 | Zot:5    | Killed an orb of fire
 70058 | Zot:5    | Gained mutation: Your system is resistant to poisons.
                  | (rPois) [an orb of fire]
 70068 | Zot:5    | Killed an orb of fire
 70530 | Zot:5    | Noticed an orb of fire
 70543 | Zot:5    | Gained mutation: Your spells are a little easier to cast,
                  | but a little less powerful. [an orb of fire]
 70545 | Zot:5    | Killed an orb of fire
 70556 | Zot:5    | Noticed an orb of fire
 70564 | Zot:5    | Noticed an orb of fire
 70564 | Zot:5    | Noticed an orb of fire
 70576 | Zot:5    | Gained mutation: You occasionally shout uncontrollably at
                  | your foes. [an orb of fire]
 70577 | Zot:5    | Noticed an orb of fire
 70579 | Zot:5    | Identified the +3 tower shield of Midnight {rPois rN++
                  | Str-3 Dex+3}
 70579 | Zot:5    | Gained mutation: Your body often deteriorates upon taking
                  | damage. [an orb of fire]
 70581 | Zot:5    | Killed an orb of fire
 70594 | Zot:5    | Killed an orb of fire
 70604 | Zot:5    | Killed an orb of fire
 70625 | Zot:5    | Reached skill level 27 in Dodging
 70636 | Zot:5    | Killed an orb of fire
 71100 | Zot:5    | Lost mutation: You do not regenerate when monsters are
                  | visible. [potion of mutation]
 71100 | Zot:5    | Lost mutation: Your spells are a little easier to cast, but
                  | a little less powerful. [potion of mutation]
 71100 | Zot:5    | Lost mutation: Your magical capacity is low. (-10% MP)
                  | [potion of mutation]
 71100 | Zot:5    | Gained mutation: You occasionally lose the ability to drink
                  | potions when taking damage. [potion of mutation]
 71130 | Zot:5    | Got the Orb of Zot
 71262 | Zot:4    | Reached skill level 27 in Invocations
 71282 | Zot:4    | Noticed a seraph
 71379 | Zot:1    | Reached skill level 1 in Evocations
 71473 | Depths:3 | Noticed Zaac the pandemonium lord
 71601 | D:11     | Noticed Jyryhus the pandemonium lord
 71844 | D:$      | Escaped with the Orb!

Illustrated notes

Levels and vault maps discovered:
D:1:      heliophobic_arrival_dark_side_of_the_moon, layout_rooms,
          ebering_ecumenical_altar_box
D:2:      layout_rooms, minmay_split_cup_small
D:3:      cheibrodos_fertilizer, layout_basic,
          mainiacjoe_overflow_cross_hatched, cheibriados_altar_1, st_stairs_10,
          grunt_ministairs_3
D:4:      layout_cave_pods, okawaru_ov_weapons_minmay, fedhas_altar_3,
          serial_shops, shop, shop, shop, uniq_sigmund
D:5:      layout_basic, kennysheep_vampire_church, cheibrodos_sewer_entry_drain,
          uniq_pikel, uniq_crazy_yiuf_cottage, uniq_eustachio
D:6:      layout_cave_pools, lemuel_zombie_altar_yredelemnul, corner_web_ring,
          minmay_holes, kennysheep_generic_room_8, uniq_menkaure
D:7:      minmay_the_grid_four_pointed_star
          [minmay_the_grid_triangle_9x9_longest,
          minmay_the_grid_triangle_9x9_shrine,
          minmay_the_grid_triangle_9x9_checkered,
          minmay_the_grid_triangle_9x9_wacky_v, minmay_the_grid_prize_big_room],
          layout_cave_pools, minmay_temple_entry_offerings, nrook_uturn,
          minmay_misc_feat_tower, serial_library_hellmonk_room_c,
          nicolae_figureground_pulse
D:8:      layout_loops_ring, lemuel_round_altar, serial_shops,
          nicolae_take_the_stairs, blue_anna_alchemist
D:9:      minmay_chambers_of_sixes, layout_loops_ring,
          nicolae_vehumet_altar_sigil, dpeg_lair_monsters, david_orc_3,
          serial_shops, shop, einodemon_armed_red_devil_minivault
D:10:     layout_loops_ring, nicolae_qazlal_style_of_elements,
          nicolae_trove_entry_crossroad, uniq_erolcha
D:11:     layout_basic, serial_shops, shop, minivault_21, uniq_josephine
D:12:     layout_rooms, serial_shops, shop, chequers_serial_rivers_small_b,
          minmay_shop_grid_forest, uniq_lodul
D:13:     minmay_evil_eye, layout_rooms, uniq_jorgrun
D:14:     layout_rooms, erik_vaults_1, special_room [special_room_mythical_zoo],
          serial_shops, nicolae_square_shop, shop, shop, serial_aquarium,
          aquarium_bridge_straight [aquarium_subvault_bridge,
          aquarium_subvault_window, aquarium_subvault_bridge,
          aquarium_subvault_wall], aquarium_window_1, aquarium_window_fake,
          aquarium_window_1, aquarium_window_1, aquarium_view_2d,
          aquarium_view_2b, aquarium_balcony_double_1, aquarium_pool_five,
          kennysheep_path_1, uniq_frances, uniq_roxanne, uniq_agnes
D:15:     grunt_enter_depths_hoard, layout_basic, patterned_corridor
Temple:   oiseaux_autumnal_temple
Lair:1:   wander_river, layout_small_grid
Lair:2:   layout_small_grid, elwin_shoals_entry_stream, dummy_snake_entry,
          gammafunk_ghost_abyssal_escape, st_stairs_8,
          chequers_serial_rivers_micro_e, infiniplex_staircase_pool,
          lemuel_fruit_tree
Lair:3:   layout_cave_pods, ebering_ghost_xom
Lair:4:   layout_concentric_octagons, slime_entry_1
Lair:5:   evilmike_catoblepas_cave, layout_cellular_growth
Shoals:1: nicolae_shoals_aurelia_aurita, layout_shoals, serial_shops,
          nicolae_shop_window_shopping, gammafunk_ghost_necromancy
Shoals:2: layout_shoals
Shoals:3: argonaut_golden_fleece, layout_shoals, nicolae_shoals_enchanted_isle,
          uniq_ilsuiw
Shoals:4: shoals_end_grunt_ice, layout_shoals, shoals_ilsuiw_alternative,
          nicolae_shoals_bring_sunscreen, uniq_bai_suzhen
Snake:1:  layout_basic, serial_shops, nicolae_shop_crystal, drop_trap,
          minmay_shop_star
Snake:2:  layout_layer_cave, serial_bayou_shore_a, serial_bayou_shore_b,
          grunt_megastairs_1
Snake:3:  layout_layer_cave
Snake:4:  minmay_snake_end_coiled, layout_cave_town, basic_altar
Orc:1:    lemuel_ogre_cave, layout_caves
Orc:2:    pubby_orc_utopia
Elf:1:    eino_elf_arrival_customs, layout_loops_corners, special_room
          [special_room_orc], minivault_28
Elf:2:    nicolae_elf_blades_crystal_corner, layout_gridlike, serial_shops,
          shop, gammafunk_ghost_fury_of_okawaru, serial_sigils_hangedman_stare
Elf:3:    elf_hall, layout_geoelf_grid, uniq_louise, uniq_aizul
Vaults:1: gammafunk_ghost_tricky_traps, nicolae_vaults_closet_pinwheel_1,
          nicolae_vaults_big_ls, hangedman_vaults_corner,
          vaults_dpeg_encased_lava, nicolae_vaults_little_ls,
          vaults_standard_mumra_x, vaults_dpeg_doors,
          nicolae_vaults_hexular_roomagon, nicolae_vaults_wine_cellar,
          nicolae_vaults_closet_pinwheel_4, layout_vaults_omnicross,
          serial_shops, shop, uniq_norris, uniq_donald, uniq_asterion
Vaults:2: v_rooms_4, nicolae_vaults_steering_wheel,
          nicolae_vaults_enemy_cabinets, vaults_room_ringed_pool,
          nicolae_vaults_shelves_hall, hangedman_vaults_trim,
          minmay_crypt_entry_necro_gods, v_alt_pattern_5,
          ontoclasm_vaults_twist, nicolae_vaults_theta,
          nicolae_vaults_taking_the_gang_shopping,
          nicolae_vaults_little_squares_5, vaults_dpeg_diagonal,
          vaults_room_pool, nicolae_vaults_sealed_display,
          layout_vaults_chaotic_city
Vaults:3: grunt_vaults_swirl, vaults_dpeg_hooks, nicolae_vaults_house_1,
          v_alt_pattern_4, nicolae_vaults_sightless_eye, v_pattern_1,
          sword_in_stone, hangedman_vaults_hat, grunt_vaults_twisty,
          nicolae_vaults_octothorpe, nicolae_vaults_circle_grid_b,
          hangedman_vaults_nodes, nicolae_vaults_apartment_2,
          ontoclasm_vaults_hangar, nicolae_vaults_octothorpe,
          nicolae_vaults_tetromino_L_1, nicolae_vaults_trapezoid_1,
          layout_vaults_maze_bifur, uniq_frederick
Vaults:4: nicolae_vaults_diamond_2, nicolae_vaults_double_plus_1,
          vaults_dpeg_ring, nicolae_vaults_diamond_1,
          serial_library_regret_index_headful, nicolae_vaults_mini_display_case,
          layout_vaults_quadrants, serial_shops, nicolae_shop_getting_attention,
          uniq_margery, uniq_sojobo, uniq_zenata
Vaults:5
Crypt:1:  layout_misc_corridors, grunt_crypt_arrival_guarded_gate
Crypt:2:  layout_chaotic_city, grunt_megastairs_4, uniq_vv
Crypt:3:  cryptofortress_bobbens
Depths:1: layout_roguey, enter_ziggurat_d, gammafunk_ghost_mausoleum,
          grunt_hell_horde, elyvilon_altar_4, nicolae_transmutations_shop,
          minmay_misc_feat_five, st_stairs_13, xom_confusion_cloud,
          uniq_enchantress, uniq_nikola
Depths:2: nicolae_cairo_tiling, layout_cave_pools, serial_column_ruins,
          column_ruins_square_small, column_ruins_open_small,
          column_ruins_open_tiny, column_ruins_open_medium,
          column_ruins_open_tiny_water, column_ruins_grid_1,
          grunt_pan_entry_sceptre, nicolae_ru_awakened_eye, abyss_entry,
          hell_entry
Depths:3: impenetrable_vault, layout_basic, hell_entry, rand_demon_pan_entry_9,
          grunt_decor_junction, hangedman_abyss_entry_splay,
          hangedman_decor_peaks_small, uniq_mara, uniq_josephina
Depths:4: grunt_zot_entry_tricorne, layout_cross, grunt_dithmenos_smoke,
          hell_entry, corexii_mini_fake_secret_closet, uniq_xtahua, uniq_grunn
Hell
Zot:1:    minmay_elemental_castle, layout_gridlike, grunt_megastairs_3,
          uniq_tiamat
Zot:2:    layout_onion_interference
Zot:3:    layout_gridlike, regret_index_zotdec_twisting_globes
Zot:4:    layout_onion_interference, grunt_megastairs_2
Zot:5:    layout_cathedral_of_symmetry, st_stairs_2

Skill      XL: |  1  2  3  4  5  6  7  8  9 10 11 12 13 14 15 16 17 18 19 20 21 22 23 24 25 26 27 |
---------------+----------------------------------------------------------------------------------+-----
Shields        | 4 5 6 7 8 9 10 11 12 14 15 16 17 18 19 20 21 22 23 24 25 27 | 27.0
Fighting       | 4 5 7 8 9 10 11 12 15 17 19 20 21 22 23 24 25 27 | 27.0
Armour         | 4 5 6 7 8 9 10 11 12 15 17 19 21 22 23 24 25 26 27 | 27.0
Axes           | 3 16 | 16.5
Maces & Flails | 1 2 3 4 5 8 9 11 | 11.7
Invocations    | 1 2 3 5 6 10 11 12 13 14 15 16 17 18 19 20 21 22 27 | 27.0
Dodging        | 1 5 7 9 11 12 13 14 16 17 18 19 20 22 27 | 27.0
Evocations     | 2 |  2.8

Action                     |  1- 3 |  4- 6 |  7- 9 | 10-12 | 13-15 | 16-18 | 19-21 | 22-24 | 25-27 || total
---------------------------+-------+-------+-------+-------+-------+-------+-------+-------+-------++-------
  Melee: War axe           |    57 |       |       |       |       |       |       |       |       ||    57
         Headbutt          |     7 |     7 |    30 |   153 |   439 |   558 |   671 |   547 |   975 ||  3387
         Demon whip        |    18 |    50 |       |       |       |       |       |       |       ||    68
         Hand axe          |       |    17 |   199 |   532 |   299 |       |       |       |       ||  1047
         Mace              |       |       |       |       |   874 |       |       |       |       ||   874
         Sacred scourge    |       |       |       |       |   213 |  1706 |  1838 |   830 |  1142 ||  5729
         Broad axe         |       |       |       |       |       |       |       |   548 |  1320 ||  1868
 Invoke: Divine Shield     |       |       |       |     1 |     1 |     4 |     3 |       |    10 ||    19
         Brand Weapon With |       |       |       |       |     1 |       |       |       |       ||     1
         Cleansing Flame   |       |       |       |       |       |     2 |     3 |       |    10 ||    15
         Summon Divine War |       |       |       |       |       |       |       |       |     3 ||     3
  Evoke: Wand              |       |       |       |     1 |       |       |     1 |       |     1 ||     3
    Use: Scroll            |       |       |     6 |     7 |    23 |     9 |     4 |     3 |     2 ||    54
         Potion            |       |       |       |       |     6 |     1 |     2 |     1 |     3 ||    13
 Armour: Chain mail        |    60 |    46 |    15 |       |       |       |       |       |       ||   121
         Plate armour      |       |       |   225 |   427 |  1018 |       |       |       |       ||  1670
         Gold dragon scale |       |       |       |       |   142 |   794 |   517 |   533 |  1027 ||  3013
  Dodge: Dodged            |    42 |    24 |    96 |   147 |   495 |   321 |   256 |   294 |   571 ||  2246
  Block: Buckler           |    21 |    12 |    65 |    26 |       |       |       |       |       ||   124
         Kite shield       |       |       |       |   342 |  1250 |   274 |       |       |       ||  1866
         Tower shield      |       |       |       |       |       |  1280 |  1692 |  1473 |  2719 ||  7164
         Reflection        |       |       |       |       |       |    47 |   128 |    52 |    49 ||   276

Table legend: (Time is in decaauts)
 A = Elapsed time spent in this place.
 B = Non-inter-level travel time spent in this place.
 C = Inter-level travel time spent in this place.
 D = Time resting spent in this place.
 E = Time spent auto-exploring this place.
 F = Levels seen in this place.
 G = Mean time per level.
                   A        B        C        D        E       F      G
               +--------+--------+--------+--------+--------+-----+--------+
         Total |  69712 |  65180 |   4532 |   1147 |  47953 |  57 | 1223.0 |
       Dungeon |  16074 |  14255 |   1819 |      0 |  11293 |  15 | 1071.6 |
        Temple |      1 |      1 |      0 |      0 |      0 |   1 |    1.0 |
          Lair |   7069 |   6599 |    470 |      0 |   5278 |   5 | 1413.8 |
        Shoals |   5573 |   5401 |    172 |    176 |   4183 |   4 | 1393.2 |
     Snake Pit |   7794 |   7593 |    201 |    637 |   5710 |   4 | 1948.5 |
  Orcish Mines |   4207 |   3925 |    282 |      0 |   2794 |   2 | 2103.5 |
   Elven Halls |   4450 |   4227 |    223 |    334 |   2799 |   3 | 1483.3 |
        Vaults |   7839 |   7348 |    491 |      0 |   5497 |   5 | 1567.8 |
         Crypt |   2410 |   2249 |    161 |      0 |   1081 |   3 |  803.3 |
        Depths |   4448 |   4154 |    294 |      0 |   2968 |   4 | 1112.0 |
          Hell |    594 |    566 |     28 |      0 |    405 |   1 |  594.0 |
           Zot |   7106 |   6720 |    386 |      0 |   5176 |   5 | 1421.2 |
         Abyss |   1686 |   1686 |      0 |      0 |    540 |   3 |  562.0 |
         Trove |     52 |     52 |      0 |      0 |     14 |   1 |   52.0 |
         Sewer |    402 |    402 |      0 |      0 |    214 |   1 |  402.0 |
               +--------+--------+--------+--------+--------+-----+--------+

Top non-repeatable levels by time:
   Orc:2: 3087 daAuts
 Snake:3: 2558 daAuts
     D:9: 2303 daAuts
 Snake:2: 2246 daAuts
  Lair:5: 2232 daAuts
 Snake:4: 2107 daAuts
   Zot:1: 2083 daAuts
Shoals:3: 1993 daAuts
Vaults:1: 1940 daAuts
   Zot:5: 1831 daAuts
Vaults:2: 1735 daAuts
  Lair:2: 1725 daAuts
 Abyss:4: 1686 daAuts
Vaults:4: 1649 daAuts
   Elf:3: 1598 daAuts
